 Dungeon Crawl Stone Soup version 0.21.1-1-g345015f (webtiles) character file.

105 Labyrinth the Insei (level 4, -2/32 HPs)
             Began as a Merfolk Transmuter on July 21, 2018.
             Killed from afar by Sigmund (34 damage)
             ... with an exploding inner flame
             ... hexed by the player character
             ... on level 4 of the Dungeon.
             The game lasted 00:20:25 (3031 turns).

Labyrinth the Insei (Merfolk Transmuter)            Turns: 3031, Time: 00:20:25

Health: -2/32      AC:  2    Str: 10    XL:     4   Next: 81%
Magic:  5/8        EV: 28    Int: 17    God:
Gold:   45         SH:  0    Dex: 25    Spells: 2/8 levels left

rFire    . . .     SeeInvis .     - Unarmed
rCold    . . .     Gourm    .   (shield currently unavailable)
rNeg     . . .     Faith    .   (armour currently unavailable)
rPois    x         Spirit   .   (helmet currently unavailable)
rElec    .         Reflect  .   (cloak currently unavailable)
rCorr    .         Harm     .   (gloves currently unavailable)
MR       .....                  (boots currently unavailable)
Stlth    ++........             (no amulet)
HPRegen  0.10/turn              (no ring)
MPRegen  0.11/turn              (no ring)

@: confused, brilliant, agile, spider-form
A: tiny, (change form in water), (swift swim), (stealthy swim)
a: End Transformation


You were on level 4 of the Dungeon.
You were hungry.
You were a venomous arachnid creature.
You visited 1 branch of the dungeon, and saw 3 of its levels.

You collected 45 gold pieces.

Inventory:

Hand Weapons
 g - a +0 club
 n - a +1 hunting sling
 q - a cursed -3 dagger
 r - a +2 whip of draining (melded)
 s - a +0 club
 v - a +0 short sword
 A - a +0 mace
 D - a +0 club
 E - a +0 mace
 F - a +0 club
 N - a +0 spear
Missiles
 e - 8 sling bullets
 l - 76 stones (quivered)
 m - 9 poisoned needles
 G - 2 tomahawks of dispersal
 M - 6 bolts
Armour
 b - a +0 robe
 h - a +0 scale mail
 w - a +0 leather armour (melded)
 y - a cursed +0 scale mail
 I - a +0 pair of boots (melded)
 J - a +0 pair of boots
Jewellery
 L - an uncursed ring of stealth {unknown}
Scrolls
 i - 2 scrolls of teleportation
 j - 2 scrolls of remove curse
 p - a scroll of amnesia
 u - a scroll of blinking
 x - a scroll of fog {unknown}
 B - a scroll of noise {unknown}
 C - a scroll of enchant weapon
 H - 2 scrolls of random uselessness {unknown}
Potions
 f - a potion of haste {unknown}
 k - a potion of flight
 o - a potion of curing
Books
 c - a book of Changes

   Spells                             Type                      Level
   a - Beastly Appendage              Transmutation                1
   b - Sticks to Snakes               Transmutation                2
   c - Spider Form                    Transmutation/Poison         3
   d - Ice Form                       Ice/Transmutation            4
   e - Blade Hands                    Transmutation                5
Comestibles
 d - 6 rations


   Skills:
 + Level 1.2 Fighting
 + Level 1.4 Maces & Flails
 + Level 0.3 Slings
 + Level 3.4 Dodging
 + Level 0.2 Stealth
 + Level 4.0 Unarmed Combat
 + Level 2.6 Spellcasting
 + Level 3.1 Transmutations


You had 2 spell levels left.
You knew the following spells:

 Your Spells              Type           Power        Failure   Level  Hunger
a - Beastly Appendage     Tmut           ###...       1%          1    #......
b - Sticks to Snakes      Tmut           ###.....     2%          2    ##.....
c - Spider Form           Tmut/Pois      ###.......   7%          3    ###....


Dungeon Overview and Level Annotations

Branches:
Dungeon (2/15)

Altars:


Message History

You bite Sigmund!
Sigmund is poisoned.
Sigmund is moderately wounded.
Sigmund misses you.
You bite Sigmund!
Sigmund looks as sick as possible!
Sigmund is heavily wounded.
You hit Sigmund but do no damage.
Sigmund is heavily wounded.
Sigmund gestures wildly while chanting.
Sigmund flickers and vanishes!
Deactivating autopickup; reactivate with Ctrl-A.
You hit something but do no damage. Something hits you!
You feel much better.
You hear some strange, mumbled words.
You are confused.
You're too confused!
It was a potion of agility.
You feel agile all of a sudden. The fiery explosion engulfs you!
Ouch! That really hurt!
You die...

###########
#........>.
#..........
#..........
#§.........
#§s........
#§§........
#.########.
#. #. #. ..
##


There were no monsters in sight!

Vanquished Creatures
  5 adders (D:2)
  2 worms (D:2)
  2 leopard geckos
  An orc (D:2)
  8 bats
  3 giant cockroaches
  6 goblins
  7 hobgoblins
  6 jackals (D:2)
  A kobold (D:2)
  A ball python (D:2)
  4 frilled lizards
  2 rats (D:1)
48 creatures vanquished.

Notes
Turn   | Place    | Note
-------+----------+-------------------------------------------
     0 | D:1      | Labyrinth the Merfolk Transmuter began the quest for the Orb.
     0 | D:1      | Reached XP level 1. HP: 15/15 MP: 3/3
   210 | D:1      | Reached XP level 2. HP: 21/21 MP: 5/5
   223 | D:1      | Learned a level 2 spell: Sticks to Snakes
  1181 | D:2      | Reached XP level 3. HP: 26/26 MP: 4/6
  1189 | D:2      | Learned a level 3 spell: Spider Form
  1219 | D:2      | Reached skill level 4 in Unarmed Combat
  1750 | D:2      | Reached XP level 4. HP: 29/32 MP: 5/7
  1964 | D:2      | Reached skill level 1 in Maces & Flails
  3020 | D:2      | You fall through a shaft for 2 floors!
  3020 | D:4      | Noticed Sigmund
  3031 | D:4      | Killed Sigmund
  3031 | D:4      | Killed from afar by Sigmund

Skill      XL: |  1  2  3  4 |
---------------+-------------+-----
Dodging        | 3 |  3.4
Unarmed Combat | 4 |  4.0
Transmutations | 3 |  3.1
Maces & Flails | 1 |  1.4
Fighting       | |  1.2
Slings         | |  0.3
Stealth        | |  0.2
Spellcasting   | |  2.6

Action                   |  1- 3 |  4- 6 || total
-------------------------+-------+-------++-------
Melee: Unarmed           |    24 |     5 ||    29
       Headbutt          |     5 |       ||     5
       Whip              |    47 |    38 ||    85
       Club              |    11 |       ||    11
       Punch             |     2 |     2 ||     4
 Fire: Hunting sling     |     9 |     5 ||    14
Throw: Stone             |       |     3 ||     3
 Cast: Beastly Appendage |    10 |     2 ||    12
       Spider Form       |       |     1 ||     1
  Use: Scroll            |     2 |     5 ||     7
       Potion            |     2 |     6 ||     8
  Eat: Ration            |     1 |       ||     1
       Chunk             |       |     3 ||     3
Armor: Robe              |    22 |       ||    22
       Leather armour    |       |     8 ||     8
Dodge: Dodged            |    68 |    22 ||    90
